 Seeded DCSS version 0.30-a0-737-gf23d94013f (webtiles) character file.

Game seed: 12935653385637652921 (custom seed)

40 voltaire321 the Ducker (level 3, 0/28 HPs)
             Began as a Merfolk Gladiator on Feb 2, 2023.
             Killed by divine providence
             ... invoked by an orc priest
              (12 damage)
             ... on level 2 of the Dungeon.
             The game lasted 00:02:53 (1008 turns).

voltaire321 the Ducker (Merfolk Gladiator)          Turns: 1008, Time: 00:02:53

Health: 0/28       AC:  8    Str: 14    XL:     3   Next: 50%
Magic:  3/3        EV: 13    Int:  7    God:
Gold:   70         SH:  0    Dex: 17    Spells: 2/2 levels left

rFire   . . .      SeeInvis .    a - +0 trident
rCold   . . .      Faith    .    (no shield)
rNeg    . . .      Spirit   .    b - +0 leather armour
rPois   .          Reflect  .    c - +0 helmet
rElec   .          Harm     .    (no cloak)
rCorr   .          Rampage  .    (no gloves)
Will    .....                    (no boots)
Stlth   +                        (no amulet)
HPRegen 0.24/turn                f - +4 ring of protection
MPRegen 0.08/turn                (no ring)

@: no status effects
A: (nimble swimmer 2), mertail
a: no special abilities


You were on level 2 of the Dungeon.
You visited 1 branch of the dungeon, and saw 2 of its levels.

You collected 70 gold pieces.

Inventory:

Hand Weapons
 a - a +0 trident (weapon)
Missiles
 d - 3 throwing nets (quivered)
 e - a javelin
 h - 5 silver boomerangs
Armour
 b - a +0 leather armour (worn)
 c - a +0 helmet (worn)
Jewellery
 f - a +4 ring of protection (left hand)
Scrolls
 i - a scroll of magic mapping {unknown}
Potions
 g - a potion of flight {unknown}


   Skills:
 + Level 2.9 Fighting
 * Level 4.5 Polearms
 + Level 2.4 Throwing
 + Level 0.0 Armour
 + Level 4.5 Dodging


You had 2 spell levels left.
You didn't know any spells.
Your spell library was empty.

Dungeon Overview and Level Annotations

Branches:
Dungeon (2/15)

Altars:


Innate Abilities, Weirdness & Mutations

((You are very nimble when in or above water. (Stealth+, EV+, Speed+++)))
Your lower body shifts to a powerful aquatic tail in water.


Message History

There is a stone staircase leading up here.
The orc priest shouts!
The orc shouts! x2
You hit the orc but do no damage. The orc hits you but does no damage.
The orc priest mumbles some strange prayers to Beogh against you.
Beogh smites you!
You hit the orc but do no damage. The orc hits you but does no damage.
You barely miss the orc. The orc barely misses you.
You closely miss the orc. The orc hits you with a +0 club.
You hit the orc.
The orc is heavily wounded.
The orc hits you but does no damage.
You barely miss the orc.
The orc is heavily wounded.
The orc hits you with a +0 club.
You completely miss the orc.
The orc is heavily wounded.
The orc hits you but does no damage.
You barely miss the orc.
The orc is heavily wounded.
The orc hits you with a +0 club.
You hit the orc but do no damage.
The orc is heavily wounded.
The orc hits you but does no damage.
You hit the orc.
The orc is almost dead.
The orc hits you with a +0 club.
You puncture the orc!
You kill the orc!
You barely miss the orc. The orc closely misses you.
You hit the orc.
The orc is severely wounded.
The orc priest miscasts a cantrip.
The orc completely misses you.
You hit the orc.
You kill the orc!
You barely miss the orc priest. The orc priest closely misses you.
You closely miss the orc priest.
The orc priest invokes the aid of Beogh against you.
Beogh smites you!
You die...

##. .. ..#
..## #..#
..# #o#
#.##@###.#
#....<...#
#.###.#####
#.# #.# #.#
#.# #.# ..


You could see an orc priest.

Vanquished Creatures
  A dart slug (D:1)
  2 orcs (D:2)
  7 endoplasms (D:1)
  2 giant cockroaches (D:1)
  6 jackals (D:1)
  2 bats (D:1)
  A goblin (D:1)
  A kobold (D:1)
  13 rats (D:1)
35 creatures vanquished.

Notes
Turn   | Place    | Note
-------+----------+-------------------------------------------
     0 | D:1      | voltaire321 the Merfolk Gladiator began the quest for the
                  | Orb.
     0 | D:1      | Reached XP level 1. HP: 16/16 MP: 1/1
     1 | D:1      | Found a runed translucent door.
   263 | D:1      | Reached XP level 2. HP: 23/23 MP: 2/2
   884 | D:1      | Reached XP level 3. HP: 19/28 MP: 3/3
  1008 | D:2      | Killed from afar by an orc priest

Illustrated notes

Levels and vault maps discovered:
D:1:      dpeg_arrival_caged_fury, layout_basic, minmay_rat_gold_closets
D:2:      layout_loops_corners, minivault_25, kennysheep_generic_room_15

Action                     || total
---------------------------++-------
  Melee: Trident           ||   108
         Punch             ||     2
   Stab: Sleeping          ||     4
 Armour: Leather armour    ||    41
  Dodge: Dodged            ||    68

Table legend: (Time is in decaauts)
 A = Elapsed time spent in this place.
 B = Non-inter-level travel time spent in this place.
 C = Inter-level travel time spent in this place.
 D = Time resting spent in this place.
 E = Time spent auto-exploring this place.
 F = Levels seen in this place.
 G = Mean time per level.
                   A        B        C        D        E       F      G
               +--------+--------+--------+--------+--------+-----+--------+
         Total |   1017 |    982 |     35 |      0 |    743 |   2 |  508.5 |
       Dungeon |   1017 |    982 |     35 |      0 |    743 |   2 |  508.5 |
               +--------+--------+--------+--------+--------+-----+--------+

Top non-repeatable levels by time:
     D:1: 998 daAuts
     D:2: 18 daAuts
